 Dungeon Crawl Stone Soup version 0.29-a0-82-g837932c90e (webtiles) character file.

Game seed: 11824302020186088194

78 belegose the Chopper (level 4, -1/40 HPs)
             Began as a Hill Orc Cinder Acolyte on Feb 4, 2022.
             Was a High Priest of Ignis.
             Succumbed to Crazy Yiuf's poison
             ... on level 2 of the Dungeon.
             The game lasted 00:03:36 (2778 turns).

belegose the Chopper (Hill Orc Cinder Acolyte)      Turns: 2778, Time: 00:03:36

Health: -1/40      AC: 12    Str: 16    XL:     4   Next: 36%
Magic:  3/5        EV:  9    Int: 14    God:    Ignis [*****.]
Gold:   33         SH:  3    Dex:  8    Spells: 5/5 levels left

rFire   + . .      SeeInvis .   a - -1 hand axe (flame)
rCold   . . .      Faith    .   k - +0 buckler
rNeg    . . .      Spirit   .   g - +0 ring mail
rPois   .          Reflect  .   (no helmet)
rElec   .          Harm     .   (no cloak)
rCorr   .          Rampage  .   (no gloves)
Will    .....                   (no boots)
Stlth   ..........              l - amulet of the acrobat
HPRegen 0.13/turn               (no ring)
MPRegen 0.09/turn               (no ring)

@: mighty, lethally poisoned (-1 -> -9), fiery-armoured
A: no striking features
a: Renounce Religion, Fiery Armour, Foxfire Swarm, Rising Flame


You were on level 2 of the Dungeon.
You worshipped Ignis.
Ignis was extremely pleased with you.
You visited 1 branch of the dungeon, and saw 2 of its levels.

You collected 53 gold pieces.
You spent 20 gold pieces at shops.

Inventory:

Hand Weapons
 a - a -1 hand axe of flaming (weapon)
Missiles
 c - 92 stones (quivered)
 e - 33 sling bullets
 i - 4 poisoned darts
Armour
 b - a +0 robe
 g - a +0 ring mail (worn)
 k - a +0 buckler (worn)
Jewellery
 l - an amulet of the acrobat (around neck)
Scrolls
 d - 3 scrolls of identify
 h - 2 scrolls of vulnerability {unknown}
Potions
 j - a potion of degeneration {unknown}
 m - a potion of curing {unknown}


   Skills:
 - Level 4.1 Fighting
 - Level 4.5 Axes
 - Level 1.1 Throwing
 - Level 1.4 Armour
 + Level 2.2 Shields
 - Level 1.0 Spellcasting
 - Level 3.2 Fire Magic


You had 5 spell levels left.
You didn't know any spells.
Your spell library contained the following spells:

 Spells                   Type           Power      Damage    Failure   Level
 Scorch                   Fire           18%        2d6       26%         2


Dungeon Overview and Level Annotations

Branches:
Dungeon (2/15)

Altars:

Shops:
D:1 ?


Message History

Okay, then.
You aren't carrying any items that you can evoke.
Unknown command.
A protective cloak of flame settles atop you.
You open the door. You hit Crazy Yiuf but do no damage.
You block Crazy Yiuf's attack.
You barely miss Crazy Yiuf. Crazy Yiuf hits you but does no damage.
Crazy Yiuf is burned by your cloak of flames.
Crazy Yiuf is lightly wounded.
You hit Crazy Yiuf. You burn Crazy Yiuf.
Crazy Yiuf is lightly wounded.
Crazy Yiuf hits you with a +2 quarterstaff of chaos.
You feel your power leaking away.
Crazy Yiuf is burned by your cloak of flames.
Crazy Yiuf is heavily wounded.
You barely miss Crazy Yiuf.
Crazy Yiuf is heavily wounded.
Crazy Yiuf hits you but does no damage.
Crazy Yiuf is burned by your cloak of flames.
Crazy Yiuf is severely wounded.
Crazy Yiuf closely misses you.
You barely miss Crazy Yiuf.
Crazy Yiuf is severely wounded.
Crazy Yiuf hits you with a +2 quarterstaff of chaos.
You are poisoned.
Crazy Yiuf is burned by your cloak of flames.
Crazy Yiuf is almost dead.
You closely miss Crazy Yiuf.
Crazy Yiuf is almost dead.
You feel very sick.
Crazy Yiuf hits you with a +2 quarterstaff of chaos!
You are electrocuted!
* * * LOW HITPOINT WARNING * * *
Crazy Yiuf is burned by your cloak of flames.
You kill Crazy Yiuf!
Your Shields skill increases to level 2!
You have reached level 4!
It was a potion of might.
You feel very mighty all of a sudden.
You die...

##....######.#.#
####.....##...#.#.#
#...............#.#
##.####.############
...# #.# #### #.#
#.# ### ♣♣#### #.#
#)..#♣♣ ♣♣.#..## ##
#.#
#...)@♣♣♣♣......# .#
#.#
#...#♣..♣.......# .#
#.# ### ♣♣♣.♣..#...#
.# #.# ♣♣♣♣♣##.##
.######.## #.#
.........#
###########.#
.#####...##
#...........# .#
#.....#
#.###.###..## .#
##...## #.# #.# #.##


There were no monsters in sight!

Vanquished Creatures
  Crazy Yiuf (D:2)
  An adder (D:2)
  A dart slug (D:1)
  An endoplasm (D:1)
  A giant cockroach (D:2)
  5 goblins
  4 hobgoblins (D:1)
  8 jackals (D:1)
  A quokka (D:2)
  3 ball pythons (D:1)
  5 bats (D:1)
  A frilled lizard (D:1)
  3 kobolds (D:1)
  5 rats (D:1)
40 creatures vanquished.

Notes
Turn   | Place    | Note
-------+----------+-------------------------------------------
     0 | D:1      | belegose the Hill Orc Cinder Acolyte began the quest for
                  | the Orb.
     0 | D:1      | Reached XP level 1. HP: 19/19 MP: 2/2
   388 | D:1      | Reached XP level 2. HP: 27/27 MP: 3/3
   419 | D:1      | Found Vatyrouwk's Magic Scroll Shop.
   439 | D:1      | Bought a scroll of identify for 20 gold pieces
   625 | D:1      | Reached skill level 1 in Armour
   953 | D:1      | Reached XP level 3. HP: 22/33 MP: 4/4
  1056 | D:1      | Found a faded altar of an unknown god.
  1082 | D:1      | Reached skill level 1 in Throwing
  2314 | D:2      | Reached skill level 1 in Shields
  2506 | D:2      | Found a runed translucent door.
  2507 | D:2      | Noticed Crazy Yiuf
  2777 | D:2      | HP: 1/33 [Crazy Yiuf (12)]
  2777 | D:2      | Killed Crazy Yiuf
  2778 | D:2      | Reached XP level 4. HP: 1/40 MP: 3/5
  2778 | D:2      | Succumbed to Crazy Yiuf's poison

Illustrated notes

Levels and vault maps discovered:
D:1:      co_arrival_square_in_a_square_in_a_square, layout_loops_corners,
          hellmonk_ecumenical_altar_heavens_door, serial_shops, shop
D:2:      layout_loops_corners, uniq_crazy_yiuf_cottage

Skill      XL: |  1  2  3 |
---------------+----------+-----
Armour         | 1 |  1.4
Fighting       | 4 |  4.1
Throwing       | 1 |  1.1
Shields        | 2 |  2.2
Axes           | |  4.5
Spellcasting   | |  1.0
Fire Magic     | |  3.2

Action                   |  1- 3 |  4- 6 || total
-------------------------+-------+-------++-------
Melee: Hand axe          |   156 |       ||   156
Invok: Fiery Armour      |     1 |       ||     1
  Use: Potion            |       |     1 ||     1
Armor: Robe              |    14 |       ||    14
       Ring mail         |    44 |       ||    44
Dodge: Dodged            |    89 |       ||    89
Block: Buckler           |     2 |       ||     2

Table legend: (Time is in decaauts)
 A = Elapsed time spent in this place.
 B = Non-inter-level travel time spent in this place.
 C = Inter-level travel time spent in this place.
 D = Time resting spent in this place.
 E = Time spent auto-exploring this place.
 F = Levels seen in this place.
 G = Mean time per level.
                   A        B        C        D        E       F      G
               +--------+--------+--------+--------+--------+-----+--------+
         Total |   2793 |   2725 |     68 |    234 |   2101 |   2 | 1396.5 |
       Dungeon |   2793 |   2725 |     68 |    234 |   2101 |   2 | 1396.5 |
               +--------+--------+--------+--------+--------+-----+--------+

Top non-repeatable levels by time:
     D:1: 1785 daAuts
     D:2: 1007 daAuts
